Map: Equilibrium LE

Players

SubN

  • Race: Zerg Zerg
  • League: Diamond
  • Spawn Location: 11:00

Wreckt - Winner!

  • Race: Protoss Protoss
  • League: Diamond
  • Spawn Location: 1:00

VOD

Have the link to the VOD?

Description

Time

  • Played on: Dec. 26, 2023, 12:59 a.m.
  • Length: 13:33
Show
View Real Time Build Order
Export as new Build Order

SubN Zerg 

Build Orders: Hatch First 

Get SALT Encoding   

  12  0:00  Drone  
  13  0:12  Overlord  
  13  0:19  Drone  
  14  0:30  Drone x2  
  16  0:50  Hatchery  
  16  0:51  Drone  
  16  0:56  Drone  
  17  0:58  Drone  
  17  1:02  Extractor  
  17  1:15  Spawning Pool  
  17  1:17  Drone  
  17  1:21  Drone  
  18  1:29  Drone  
  19  1:38  Drone  
  20  1:49  Overlord  
  20  2:02  Queen  
  20  2:03  Queen  
  20  2:08  Metabolic Boost  
  24  2:12  Zergling x4  
  26  2:16  Drone x2  
  28  2:24  Drone x2  
  30  2:37  Drone  
  30  2:38  Drone  
  32  2:44  Hatchery  
  31  2:52  Drone x2  
  31  2:54  Queen  
  35  3:02  Drone  
  35  3:04  Overlord  
  36  3:09  Overlord  
  36  3:19  Overlord  
  36  3:25  Drone x5  
  41  3:34  Zergling x2  
  41  3:38  Zergling x2  
  43  3:45  Drone, Extractor  
  43  3:48  Queen  
  45  4:00  Drone x3  
  45  4:01  Drone x2  
  47  4:20  Queen  
  48  4:27  Drone x3  
  48  4:28  Drone x6  
  57  4:36  Overlord x3  
  57  4:49  Overlord  
  57  4:54  Extractor  
  57  4:56  Overlord  
  57  4:59  Pneumatized Carapace  
  56  5:03  Lair  
  50  5:16  Drone x10  
  50  5:21  Drone  
  59  5:23  Spore Crawler  
  59  5:26  Spore Crawler  
  59  5:27  Spore Crawler  
  59  5:28  Drone x5  
  61  5:41  Drone x5  
  61  5:42  Extractor, Queen  
  67  5:45  Drone  
  65  5:50  Roach Warren  
  65  5:51  Drone  
  65  5:52  Drone  
  66  6:09  Baneling Nest  
  65  6:12  Drone  
  65  6:13  Drone x3, Hydralisk Den  
  65  6:15  Drone x7  
  65  6:18  Extractor  
  74  6:21  Overlord x4  
  74  6:27  Drone x2  
  74  6:31  Glial Reconstitution  
  76  6:35  Evolution Chamber x2  
  74  6:44  Overseer  
  74  6:46  Overseer x2  
  74  6:48  Drone x2  
  76  6:56  Muscular Augments  
  76  6:58  Hydralisk, Centrifugal Hooks  
  76  6:59  Hydralisk x3  
  76  7:01  Overlord  
  84  7:02  Zergling x2  
  84  7:03  Zergling x16  
  93  7:13  Zerg Missile Weapons Level 1  
  93  7:14  Zerg Melee Weapons Level 1  
  93  7:18  Drone x2  
  93  7:19  Drone, Extractor  
  96  7:22  Drone  
  96  7:23  Drone x2  
  96  7:26  Baneling x3  
  96  7:27  Baneling x3  
  98  7:34  Hydralisk x3  
  104  7:38  Zergling x2  
  104  7:39  Zergling x8  
  104  7:42  Queen  
  111  7:45  Hatchery  
  111  7:47  Hatchery, Extractor  
  111  7:50  Extractor  
  107  7:51  Drone x2  
  107  7:52  Drone  
  107  7:53  Drone x3  
  113  8:00  Overlord x5, Grooved Spines  
  113  8:01  Overlord x3  
  113  8:08  Infestation Pit  
  113  8:10  Spore Crawler  
  113  8:11  Zergling x2  
  113  8:12  Zergling x2  
  113  8:14  Overlord  
  113  8:15  Overlord  
  111  8:40  Hydralisk x9  
  111  8:41  Hydralisk  
  126  8:52  Overlord x2  
  126  8:53  Drone, Overlord  
  126  8:54  Drone x6  
  133  9:02  Hydralisk x3  
  133  9:03  Hydralisk  
  133  9:07  Zerg Ground Armor Level 1  
  141  9:20  Zergling x2  
  141  9:21  Zergling x24  
  141  9:23  Baneling  
  141  9:24  Baneling x9  
  154  9:27  Queen  
  154  9:31  Drone x4  
  158  9:32  Drone  
  161  9:46  Zergling x2  
  161  9:47  Zergling x16  
  169  10:03  Hatchery  
  130  10:13  Hydralisk x13  
  129  10:27  Hydralisk x7  
  143  10:30  Zergling x2  
  143  10:31  Zergling x6  
  143  10:34  Zerg Missile Weapons Level 2  
  147  11:01  Zerg Melee Weapons Level 2  
  147  11:08  Zergling x2  
  148  11:11  Zergling x2  
  148  11:12  Zergling x50  
  148  11:14  Baneling  
  148  11:15  Baneling x17  
  156  11:47  Hydralisk x13  
  130  11:48  Hydralisk x3  
  129  12:01  Roach  
  129  12:02  Roach x8  
  129  12:03  Roach  
  129  12:05  Queen  
  150  12:12  Hydralisk x3  
  156  12:22  Zergling x2  
  157  12:23  Zergling x10  
  152  12:41  Hydralisk  
  152  12:42  Hydralisk x9  
  148  12:47  Roach x3  
  132  13:12  Roach  
  124  13:13  Roach x13  
Show
View Real Time Build Order
Export as new Build Order

Wreckt Protoss - Winner!

Build Orders: 1 Gate Expand 

Get SALT Encoding   

  12  0:00  Probe  
  13  0:12  Probe  
  14  0:19  Pylon  
  14  0:24  Probe  
  15  0:37  Probe  
  15  0:40  Gateway  
  16  0:47  Assimilator  
  16  0:49  Probe (Chrono Boost)  
  17  1:00  Probe (Chrono Boost)  
  18  1:04  Probe (Chrono Boost)  
  19  1:16  Probe (Chrono Boost)  
  20  1:22  Probe (Chrono Boost)  
  21  1:26  Pylon  
  21  1:30  Probe  
  22  1:39  Nexus  
  22  1:52  Cybernetics Core  
  22  2:00  Gateway  
  22  2:03  Zealot  
  24  2:11  Probe  
  24  2:13  Assimilator  
  25  2:21  Pylon  
  25  2:23  Probe  
  26  2:30  Warp Gate, Adept  
  28  2:45  Probe  
  29  2:54  Adept  
  29  2:57  Probe  
  32  3:05  Stargate  
  31  3:14  Probe x2  
  31  3:15  Shield Battery  
  37  3:37  Stalker (Chrono Boost)  
  37  3:40  Adept (Chrono Boost)  
  38  3:41  Probe  
  38  3:42  Probe  
  38  3:44  Pylon  
  39  3:52  Assimilator  
  39  3:55  Assimilator  
  39  4:01  Oracle (Chrono Boost)  
  38  4:26  Probe x2  
  40  4:33  Gateway  
  40  4:34  Gateway  
  40  4:37  Robotics Facility  
  40  4:38  Oracle (Chrono Boost), Forge  
  43  4:50  Probe (Chrono Boost)  
  43  4:51  Probe (Chrono Boost)  
  45  5:03  Probe x2 (Chrono Boost)  
  47  5:08  Probe x2 (Chrono Boost)  
  47  5:12  Phoenix  
  51  5:18  Probe x2  
  53  5:22  Zealot x2  
  53  5:25  Protoss Ground Weapons Level 1 (Chrono Boost)  
  53  5:28  Pylon  
  57  5:30  Probe  
  57  5:33  Robotics Bay  
  57  5:34  Probe  
  59  5:42  Probe  
  60  5:51  Probe  
  60  5:55  Probe  
  60  5:56  Observer (Chrono Boost), Nexus  
  60  6:00  Pylon  
  60  6:02  Pylon  
  60  6:04  Stalker  
  60  6:06  Stalker  
  64  6:22  Colossus (Chrono Boost)  
  64  6:25  Probe  
  71  6:29  Probe  
  71  6:31  Stalker  
  71  6:32  Stalker  
  76  6:37  Probe  
  77  6:42  Probe  
  77  6:43  Gateway  
  77  6:45  Gateway  
  78  6:47  Gateway  
  78  6:49  Probe, Photon Cannon  
  78  6:54  Probe  
  80  6:58  Stalker  
  82  7:01  Probe  
  82  7:05  Pylon  
  82  7:06  Twilight Council  
  83  7:11  Extended Thermal Lance (Chrono Boost)  
  83  7:14  Colossus (Chrono Boost)  
  82  7:20  Stalker  
  91  7:22  Probe  
  91  7:23  Probe  
  91  7:26  Probe  
  91  7:29  Assimilator  
  93  7:33  Assimilator  
  93  7:34  Probe  
  94  7:39  Gateway  
  94  7:40  Gateway  
  94  7:43  Pylon  
  94  7:44  Probe  
  94  7:47  Protoss Ground Weapons Level 2 (Chrono Boost)  
  95  7:55  Photon Cannon  
  95  7:58  Photon Cannon  
  95  8:02  Blink  
  95  8:05  Photon Cannon  
  95  8:15  Stalker x4  
  95  8:16  Probe x2  
  95  8:17  Probe  
  106  8:22  Sentry  
  104  8:30  Zealot x2  
  101  8:43  Probe x3  
  104  8:48  Stalker x4  
  114  8:55  Probe x3  
  115  9:05  Nexus  
  115  9:12  Pylon  
  115  9:15  Templar Archives  
  115  9:16  Pylon  
  115  9:18  Pylon  
  115  9:23  Pylon  
  115  9:26  Stalker  
  115  9:29  Colossus (Chrono Boost)  
  123  9:42  Sentry x2  
  123  9:43  Stalker x2  
  131  9:57  Zealot  
  131  9:58  Zealot x4  
  123  10:13  Probe  
  106  10:20  Colossus (Chrono Boost)  
  106  10:25  Nexus  
  112  10:33  Probe x2, Photon Cannon  
  114  10:36  Photon Cannon  
  114  10:41  Photon Cannon  
  114  10:49  Probe x3  
  117  10:54  High Templar x5  
  127  11:01  Probe  
  126  11:06  Colossus, Archon x2  
  130  11:14  Stalker  
  130  11:15  Stalker x3  
  138  11:32  Pylon  
  138  11:47  Stalker x5  
  134  12:03  Stalker  
  136  12:09  Pylon  
  136  12:10  Probe x3  
  136  12:12  Pylon  
  136  12:15  Pylon  
  139  12:20  Robotics Facility  
  139  12:26  Warp Prism (Chrono Boost)  
  139  12:27  Pylon  
  139  12:29  Pylon  
  141  12:31  Pylon  
  141  12:35  Pylon  
  115  13:15  Stalker  
  115  13:16  Stalker x5  
  115  13:17  Probe  
  126  13:22  Gateway  
  126  13:24  Gateway  
  126  13:25  Photon Cannon  
  125  13:28  Photon Cannon  
Tags
 
Add a new tag
Caveats
  • Supply blocks, unpowered buildings, or Contaminate may cause inaccurate times.
  • Supply counts are checked every 10 seconds.